 Dungeon Crawl Stone Soup version 0.18.1-48-g4cf74bf (webtiles) character file.

6006 toucherabbit the Blocker (level 10, -4/91 HPs)
             Began as a Minotaur Fighter on Aug 9, 2016.
             Was a Follower of Okawaru.
             Slain by Snorg (13 damage)
             ... on level 10 of the Dungeon.
             The game lasted 00:43:23 (7695 turns).

toucherabbit the Blocker (Minotaur Fighter)         Turns: 7695, Time: 00:43:23

Health: -4/91      AC: 19    Str: 23    XL:     10   Next: 56%
Magic:  9/9        EV:  7    Int: 11    God:    Okawaru [*.....]
Gold:   411        SH: 12    Dex: 11    Spells: 0 memorised, 9 levels left

rFire  . . .     SeeInvis .     L - +1 hand axe (curse)
rCold  . . .     Gourm    .     p - +1 plate armour
rNeg   . . .     Faith    .     c - +0 shield
rPois  +         Spirit   .     (helmet restricted)
rElec  .         Dismiss  .     G - +0 cloak
rCorr  .         Reflect  .     R - +0 pair of gloves
SustAt .         Harm     .     t - +0 pair of boots
MR     .....                    (no amulet)
Stlth  ..........               N - ring of poison resistance
                                V - +6 ring of intelligence

@: not resistant to hostile enchantments, extremely unstealthy
A: retaliatory headbutt, horns 2
a: Heroism, Renounce Religion


You were on level 10 of the Dungeon.
You worshipped Okawaru.
Okawaru was aware of your devotion.
You were hungry.

You visited 1 branch of the dungeon, and saw 10 of its levels.

You collected 411 gold pieces.

Inventory:

Hand Weapons
 L - a cursed +1 hand axe (weapon)
 O - a +3 short sword
 T - a +0 mace of protection
Missiles
 e - 135 arrows
 g - 47 bolts
 U - 3 steel tomahawks (quivered)
Armour
 c - a +0 shield (worn)
 p - a +1 plate armour (worn)
 t - a +0 pair of boots (worn)
 G - a +0 cloak (worn)
 R - a +0 pair of gloves (worn)
Magical Staves
 P - an uncursed staff of wizardry {unknown}
 Q - an uncursed staff of earth {unknown}
Jewellery
 N - a ring of poison resistance (right hand)
 V - a +6 ring of intelligence (left hand)
Wands
 w - a wand of paralysis (21/24)
 y - a wand of paralysis (12/24)
 z - a wand of flame (16/48)
 W - a wand of flame (12/48)
 Y - a wand of acid (5/15)
Scrolls
 f - a scroll of remove curse
 h - 2 scrolls of enchant weapon
 m - a scroll of magic mapping
 q - 7 scrolls of identify
 r - a scroll of immolation
 s - 2 scrolls of noise
 v - 2 scrolls of fog
 B - 3 scrolls of teleportation
 I - a scroll of summoning {unknown}
 M - a scroll of silence {unknown}
Potions
 a - a potion of heal wounds {unknown}
 d - 2 potions of might
 i - 2 potions of berserk rage {unknown}
 k - 2 potions of brilliance {unknown}
 n - 4 potions of degeneration {unknown}
 u - a potion of magic {unknown}
 x - 2 potions of curing
 A - 2 potions of mutation {unknown}
 D - a potion of invisibility {unknown}
 F - a potion of agility {unknown}
 J - a potion of lignification {unknown}
 S - 2 potions of haste
Books
 l - a book of Unlife

   Spells                             Type                      Level
   a - Recall                         Summoning/Translocation      3
   b - Animate Dead                   Necromancy                   4
   c - Control Undead                 Necromancy                   4
   d - Cigotuvi's Embrace             Necromancy                   5
   e - Death Channel                  Necromancy                   6
   f - Simulacrum                     Ice/Necromancy               6
 E - a book of Battle

   Spells                             Type                      Level
   a - Infusion                       Charms                       1
   b - Shroud of Golubria             Charms/Translocation         2
   c - Song of Slaying                Charms                       2
   d - Spectral Weapon                Hexes/Charms                 3
   e - Regeneration                   Charms/Necromancy            3
 H - a book of Spatial Translocations

   Spells                             Type                      Level
   a - Apportation                    Translocation                1
   b - Blink                          Translocation                2
   c - Shroud of Golubria             Charms/Translocation         2
   d - Portal Projectile              Translocation                3
   e - Teleport Other                 Translocation                3
   f - Passage of Golubria            Translocation                4
 X - a book of Death

   Spells                             Type                      Level
   a - Corpse Rot                     Necromancy                   2
   b - Sublimation of Blood           Necromancy                   2
   c - Agony                          Necromancy                   5
   d - Dispel Undead                  Necromancy                   5
   e - Excruciating Wounds            Charms/Necromancy            5
   f - Bolt of Draining               Conjuration/Necromancy       5
 Z - a book of Changes

   Spells                             Type                      Level
   a - Beastly Appendage              Transmutation                1
   b - Sticks to Snakes               Transmutation                2
   c - Spider Form                    Transmutation/Poison         3
   d - Ice Form                       Ice/Transmutation            4
   e - Blade Hands                    Transmutation                5
Miscellaneous
 o - a sack of spiders
Comestibles
 b - a bread ration
 j - 4 meat rations
 C - a slice of pizza
 K - a royal jelly


   Skills:
 + Level 9.2 Fighting
 + Level 10.5 Axes
 + Level 9.7 Armour
 + Level 2.1 Dodging
 + Level 10.6 Shields


You had 9 spell levels left.
You didn't know any spells.

Dungeon Overview and Level Annotations

Branches:
Dungeon (10/15)            Temple (0/1) D:5
   Lair: D:8-11         Orc: D:9-12

Altars:
Cheibriados
Dithmenos
Okawaru
Ru
Sif Muna
Xom

Annotations:
D:10 Snorg


Innate Abilities, Weirdness & Mutations

You reflexively headbutt those who attack you in melee.
You have a pair of horns on your head.


Message History

Your plate armour prevents you from hitting Snorg.
Snorg is severely wounded.
Snorg bites you! Snorg closely misses you. You block Snorg's attack. x2
Snorg claws you but does no damage. You block Snorg's attack.
You slash Snorg! Your headbutt misses Snorg.
Snorg is severely wounded.
Snorg barely misses you. x2; You block Snorg's attack.
You hit Snorg.
Snorg is almost dead.
You block Snorg's attack. x2; Snorg barely misses you.
You slash Snorg! Your headbutt misses Snorg.
Snorg is almost dead.
Snorg bites you! Snorg claws you!
* * * LOW HITPOINT WARNING * * *
Snorg claws you!
* * * LOW HITPOINT WARNING * * *
You slash Snorg!
Snorg is almost dead.
Snorg bites you but does no damage. Snorg claws you!
You die...

##.#
#.......'.###
#.. #..#
#.......### #..
#.## ####+####
#.. #.# ##. #.#
#. #.# ##+### ##
#.# ###...... #
###'####
###.T...... #
#......# #..@# #
#......#####.###
##
#......'.....#
..
#......#######
#. #......# #.
#......# #.
#......# #.
######## #. ##


You could see Snorg (berserk).

Vanquished Creatures
  Erolcha (D:8)
  A centaur skeleton (D:9)
  The ghost of Justsplatmyhpup the Slasher, a novice FoFi (D:5)
  A gargoyle (D:8)
  A troll (D:9)
  Prince Ribbit (D:9)
  2 wyverns
  A wraith (D:9)
  4 hippogriffs
  3 sky beasts
  2 ice beasts
  A black bear (D:8)
  2 phantoms
  An ogre (D:9)
  3 centaurs
  4 giant frogs
  A wyvern zombie (D:6)
  A wyvern skeleton (D:9)
  2 scorpions (D:7)
  4 killer bees
  4 howler monkeys (D:8)
  5 wights (D:8)
  2 giant frog zombies
  A centaur zombie (D:8)
  A crimson imp (D:8)
  2 hounds (D:8)
  8 orc wizards
  2 orc priests
  Jessica (D:2)
  4 iguanas
  6 worker ants
  Robin (D:2)
  7 gnolls
  A howler monkey skeleton (D:4)
  11 adders
  A shadow imp (D:6)
  An ooze (D:7)
  4 worms
  2 dart slugs (D:3)
  2 giant geckos
  11 orcs
  A ball python (D:1)
  6 giant cockroaches
  14 goblins
  14 hobgoblins
  7 jackals
  4 quokkas
  5 bats
  A giant gecko skeleton (D:4)
  7 giant newts
  6 kobolds
  A quokka skeleton (D:5)
  3 rats (D:1)
  2 butterflies (D:5)
185 creatures vanquished.

Notes
Turn   | Place    | Note
--------------------------------------------------------------
     0 | D:1      | toucherabbit the Minotaur Fighter began the quest for the Orb.
     0 | D:1      | Reached XP level 1. HP: 19/19 MP: 0/0
   202 | D:1      | Reached XP level 2. HP: 24/27 MP: 1/1
   575 | D:2      | Found a shadowy altar of Dithmenos.
   597 | D:2      | Reached XP level 3. HP: 20/33 MP: 2/2
   992 | D:2      | Reached skill level 1 in Dodging
  1077 | D:2      | Reached XP level 4. HP: 41/41 MP: 3/3
  1183 | D:2      | Found a snail-covered altar of Cheibriados.
  1211 | D:2      | Noticed Robin
  1221 | D:2      | Killed Robin
  1474 | D:2      | Noticed Jessica
  1485 | D:2      | Killed Jessica
  1744 | D:3      | Reached XP level 5. HP: 47/47 MP: 4/4
  1937 | D:3      | Reached skill level 5 in Fighting
  2870 | D:5      | Entered Level 5 of the Dungeon
  2913 | D:5      | Noticed Justsplatmyhpup's ghost (novice FoFi)
  3096 | D:6      | Reached skill level 5 in Shields
  3096 | D:6      | Reached XP level 6. HP: 20/56 MP: 5/5
  3172 | D:6      | Reached skill level 5 in Armour
  3602 | D:6      | Noticed a sky beast
  3614 | D:6      | Killed a sky beast
  3614 | D:6      | Reached skill level 5 in Axes
  3614 | D:6      | Reached XP level 7. HP: 55/62 MP: 6/6
  4299 | D:5      | Found a staircase to the Ecumenical Temple.
  4333 | D:5      | Killed Justsplatmyhpup's ghost
  4638 | D:7      | Reached XP level 8. HP: 65/71 MP: 7/7
  4986 | D:7      | You fall through a shaft!
  5012 | D:8      | Noticed a gargoyle
  5027 | D:8      | Killed a gargoyle
  5256 | D:8      | Reached XP level 9. HP: 77/79 MP: 8/8
  5586 | D:8      | Noticed Erolcha
  5618 | D:8      | Killed Erolcha
  6042 | D:9      | Noticed Prince Ribbit
  6236 | D:9      | Reached XP level 10. HP: 87/90 MP: 9/9
  6460 | D:9      | Reached skill level 10 in Axes
  6538 | D:9      | Got a faintly humming leather armour
  6550 | D:9      | Identified the +0 leather armour of Jafais {rPois Regen+} (You found it on level 9 of the Dungeon)
  6559 | D:9      | Reached skill level 10 in Shields
  6956 | D:9      | Found a shimmering altar of Xom.
  6956 | D:9      | Found a deep blue altar of Sif Muna.
  6956 | D:9      | Found an iron altar of Okawaru.
  6962 | D:9      | Became a worshipper of Warmaster Okawaru
  7115 | D:9      | Killed Prince Ribbit
  7225 | D:10     | Entered Level 10 of the Dungeon
  7395 | D:10     | Found a sacrificial altar of Ru.
  7489 | D:10     | Reached * piety under Okawaru
  7679 | D:10     | Noticed Snorg
  7695 | D:10     | Slain by Snorg

Skill      XL: |  1  2  3  4  5  6  7  8  9 10 |
---------------+-------------------------------+-----
Fighting       | 4 5 6 7 8 9 |  9.2
Armour         | 4 5 6 8 9 |  9.7
Shields        | 4 5 6 7 9 10 | 10.6
Axes           | 3 4 5 6 7 9 10 | 10.5
Dodging        | 1 2 |  2.1

Action                   |  1- 3 |  4- 6 |  7- 9 | 10-12 || total
-------------------------+-------+-------+-------+-------++-------
Melee: War axe           |    71 |   154 |   211 |       ||   436
       Headbutt          |     9 |    25 |    50 |    45 ||   129
       Hand axe          |       |       |    21 |   259 ||   280
  Use: Scroll            |     4 |       |     7 |     1 ||    12
       Potion            |       |     1 |       |       ||     1
  Eat: Chunk             |       |     5 |     1 |     5 ||    11
       Bread ration      |       |     1 |       |       ||     1
       Pizza             |       |     1 |       |       ||     1
       Meat ration       |       |       |     1 |       ||     1
Armor: Scale mail        |    28 |       |       |       ||    28
       Plate armour      |     7 |    98 |   131 |   130 ||   366
Dodge: Dodged            |    25 |    22 |    53 |    51 ||   151
Block: Shield            |    44 |    94 |   140 |   162 ||   440
